 Dungeon Crawl Stone Soup version 0.29-a0-303-ge4682ce883 (webtiles) character file.

Game seed: 1037074179562086779

4652 kae the Arsonist (level 10, -8/59 HPs)
             Began as a Tengu Fire Elementalist on Mar 25, 2022.
             Was a Believer of Vehumet.
             Mangled by a two-headed ogre
             ... wielding a +0 giant spiked club
              (25 damage)
             ... on level 9 of the Dungeon.
             The game lasted 00:10:23 (14012 turns).

kae the Arsonist (Tengu Fire Elementalist)         Turns: 14012, Time: 00:10:24

Health: -8/59      AC:  3    Str:  9    XL:     10   Next: 43%
Magic:  11/19      EV: 17    Int: 25    God:    Vehumet [**....]
Gold:   398        SH:  5    Dex: 15    Spells: 10/19 levels left

rFire   + . .      SeeInvis .   B - staff of fire
rCold   . . .      Faith    .   t - +0 buckler
rNeg    . . .      Spirit   .   a - +1 robe
rPois   .          Reflect  .   (helmet restricted)
rElec   .          Harm     .   (no cloak)
rCorr   .          Rampage  .   (no gloves)
Will    .....                   (boots unavailable)
Stlth   ++........              (no amulet)
HPRegen 0.19/turn               l - +6 ring of intelligence
MPRegen 0.16/turn               (no ring)

@: flying quickly and evasively, quick
A: beak, talons 3, nimble flight
a: Renounce Religion


You were on level 9 of the Dungeon.
You worshipped Vehumet.
Vehumet was pleased with you.
You visited 2 branches of the dungeon, and saw 11 of its levels.
You also visited: Ossuary and Bailey.

You collected 557 gold pieces.
You spent 159 gold pieces at shops.

Inventory:

Hand Weapons
 d - a +0 dagger
 f - a +1 dagger of speed
 i - a +3 dagger of venom
Armour
 a - a +1 robe (worn)
 t - a +0 buckler (worn)
Magical Staves
 B - a staff of fire (weapon)
Jewellery
 l - a +6 ring of intelligence (left hand)
 D - a ring of ice
Wands
 h - a wand of polymorph (2)
 p - a wand of flame (37)
 s - a wand of charming (2)
 v - a wand of digging (3)
 E - a wand of iceblast (5)
Scrolls
 c - 4 scrolls of teleportation
 k - a scroll of noise
 m - 3 scrolls of enchant weapon
 n - 2 scrolls of enchant armour
 u - 3 scrolls of fear
 x - a scroll of magic mapping
 y - a scroll of identify
Potions
 b - 3 potions of magic
 e - 2 potions of flight
 g - 2 potions of brilliance
 j - 3 potions of heal wounds
 o - 4 potions of lignification
 q - 7 potions of curing
 r - a potion of resistance
 w - a potion of mutation
 z - a potion of attraction
 A - a potion of degeneration
 C - 3 potions of haste


   Skills:
 + Level 5.4 Fighting
 + Level 6.5 Dodging
 - Level 2.0 Stealth
 - Level 4.0 Shields
 + Level 5.4 Spellcasting
 + Level 7.3 Conjurations
 * Level 9.5 Fire Magic
 * Level 3.7 Evocations


You had 10 spell levels left.
You knew the following spells:

 Your Spells              Type           Power      Damage    Failure   Level
a - Foxfire               Conj/Fire      100%       2x1d9     1%          1
b - Scorch                Fire           100%       2d10      1%          2
c - Conjure Flame         Conj/Fire      65%        6-21      1%          3
d - Inner Flame           Hex/Fire       46%        N/A       4%          3

Your spell library contained the following spells:

 Spells                   Type           Power      Damage    Failure   Level
 Static Discharge         Conj/Air       25%        N/A       3%          2
 Flame Wave               Conj/Fire      65%        2d12      3%          4
 Sting                    Tmut/Pois      24%        1d4       10%         1
 Blink                    Tloc           12%        N/A       16%         2
 Poisonous Vapours        Pois/Air       12%        N/A       16%         2
 Lesser Beckoning         Tloc           6%         N/A       30%         3
 Olgreb's Toxic Radiance  Pois           6%         N/A       69%         4
 Manifold Assault         Tloc           6%         N/A       95%         5


Dungeon Overview and Level Annotations

Branches:
Dungeon (10/15)            Temple (1/1) D:5         Ossuary (visited)
 Bailey (visited)
   Lair: D:8-11         Orc: D:9-12

Altars:
Ashenzari
Cheibriados
Dithmenos
Elyvilon
Fedhas
Gozag
Hepliaklqana
Kikubaaqudgha
Makhleb
Nemelex Xobeh
Okawaru
Qazlal
Ru
Sif Muna
Trog
Uskayaw
Vehumet
Wu Jian
Xom
Yredelemnul
Zin
The Shining One

Shops:
D:1 *   D:7 *

Annotations:
D:5 exclusions: upstairs and 6 more exclusions


Innate Abilities, Weirdness & Mutations

You have a beak for a mouth.
You have claws for feet.
Your magical nature lets you fly swiftly and evasively.


Message History

You feel a surge of power!
You conjure some foxfire!
An orc comes into view. It is wielding a +0 mace.
The foxfire hits the two-headed ogre.
The two-headed ogre is severely wounded.
The foxfire hits the two-headed ogre!
The two-headed ogre is severely wounded.
Casting: Foxfire (safe; 1% risk of failure)
Confirm with . or Enter, or press ? or * to list all spells.
You feel a surge of power!
Flames lash the two-headed ogre.
The two-headed ogre is almost dead.
The two-headed ogre's fire resistance burns away.
You hear a roar!
You hear a shout!
An acid dragon comes into view.
The two-headed ogre completely misses you.
The two-headed ogre hits you with a +0 giant spiked club!
You hear a shout! x3; You hear a howl!
You hear a shout!
The two-headed ogre closely misses you. The two-headed ogre misses you.
You fly upwards.
There is a stone staircase leading down here.
Casting: Scorch (safe; 1% risk of failure)
Confirm with . or Enter, or press ? or * to list all spells.
You feel a surge of power!
Flames lash the orc warrior.
The orc warrior shouts!
The orc warrior is lightly wounded.
The orc warrior's fire resistance burns away.
You hear a shout!
The two-headed ogre is no longer more vulnerable to fire.
The two-headed ogre hits you with a +0 giant spiked club!!
The two-headed ogre hits you with a +0 giant spiked club.
* * * LOW HITPOINT WARNING * * *
You block the orc warrior's attack.
Casting: Scorch (safe; 1% risk of failure)
Confirm with . or Enter, or press ? or * to list all spells.
You feel a surge of power!
Flames lash the orc warrior.
The orc warrior is burned terribly!
The orc warrior is moderately wounded.
The orc wizard points at you and mumbles some strange words.
The puff of flame misses you.
The two-headed ogre hits you with a +0 giant spiked club!!
You die...

.....#>.........######..........#
..##............#......##########
....#........)).#...####
......#......[)##...#
..##.....o..........#
..##...........#....#
####..............############
.........#####..#............#
...............o@O#...<......#
.....####.###....##.....[....#
.....## #.#...#..##........(.####
......###...#....................
...........##.....#####..########
###...##...##.###################
#...............#................
##..............#..#...#...#...#.
#...#####<......#_...............


You could see a two-headed ogre, an orc warrior (combustible) and an orc wizard.

Vanquished Creatures
  Pikel (D:9)
  A komodo dragon (D:9)
  A wraith (Ossuary)
  3 yaks (D:8)
  Menkaure (D:5)
  Edmund (D:6)
  An acid dragon (D:8)
  3 water moccasins
  2 ice beasts
  3 orc warriors (Bailey)
  2 ogres
  3 centaurs
  A kobold brigand (D:7)
  A phantom (D:5)
  A bullfrog (D:7)
  2 gnoll sergeants
  2 necrophages (D:5)
  3 scorpions
  3 howler monkeys
  4 hounds
  6 orc priests
  A jelly (D:4)
  Crazy Yiuf (D:5)
  Jessica (D:2)
  Natasha (thrice) (D:4)
  2 iguanas
  5 orc wizards
  A mummy (Ossuary)
  Robin (D:4)
  14 gnolls
  8 adders
  3 shadow imps
  A white imp (D:7)
  An ufetubus (D:5)
  3 worms
  3 dart slugs
  44 orcs
  6 ball pythons
  5 endoplasms
  3 giant cockroaches (D:1)
  21 goblins
  8 hobgoblins
  3 jackals (D:2)
  5 quokkas
  5 bats
  A frilled lizard (D:3)
  4 gnoll skeletons (Ossuary)
  A goblin zombie (D:7)
  15 kobolds
  9 kobold skeletons (Ossuary)
  12 orc skeletons (Ossuary)
  6 rats
  A rat zombie (D:7)
242 creatures vanquished.

Vanquished Creatures (others)
  743 foxfires
743 creatures vanquished.

Grand Total: 985 creatures vanquished

Notes
Turn   | Place    | Note
-------+----------+-------------------------------------------
     0 | D:1      | kae the Tengu Fire Elementalist began the quest for the
                  | Orb.
     0 | D:1      | Reached XP level 1. HP: 10/10 MP: 4/4
   253 | D:1      | Found Gair's General Store.
   257 | D:1      | Reached XP level 2. HP: 16/16 MP: 4/6
   428 | D:1      | Found a faded altar of an unknown god.
   575 | D:1      | Reached XP level 3. HP: 18/20 MP: 3/7
   966 | D:2      | Reached skill level 1 in Fighting
  1317 | D:2      | Noticed Jessica
  1332 | D:2      | Reached skill level 4 in Fire Magic
  1349 | D:2      | Killed Jessica
  1350 | D:2      | Reached XP level 4. HP: 22/25 MP: 3/8
  2267 | D:1      | Bought a scroll of teleportation for 36 gold pieces
  2267 | D:1      | Bought 2 potions of lignification for 72 gold pieces
  2327 | D:3      | Gained mutation: Your magical nature lets you fly swiftly
                  | and evasively. [Tengu growth]
  2327 | D:3      | Reached XP level 5. HP: 29/29 MP: 3/9
  3007 | D:3      | Learned a level 2 spell: Scorch
  3011 | D:3      | Learned a level 3 spell: Conjure Flame
  3390 | D:3      | Found a sacrificial altar of Ru.
  3750 | D:4      | Noticed Robin
  3898 | D:3      | Learned a level 3 spell: Inner Flame
  3921 | D:4      | Reached XP level 6. HP: 35/35 MP: 5/11
  3985 | D:4      | Reached skill level 5 in Fire Magic
  4591 | D:4      | Noticed Natasha
  4598 | D:4      | Killed Natasha
  4695 | D:4      | Noticed Natasha
  4702 | D:4      | Killed Natasha
  4703 | D:4      | Noticed Natasha
  4720 | D:4      | Killed Natasha
  4721 | D:4      | Reached XP level 7. HP: 40/40 MP: 7/12
  4809 | D:4      | Killed Robin
  5478 | D:4      | Found a shimmering blue altar of Sif Muna.
  5652 | D:5      | Entered Level 5 of the Dungeon
  5677 | D:5      | Reached skill level 6 in Fire Magic
  5726 | D:5      | Noticed Menkaure
  5730 | D:5      | Killed Menkaure
  5967 | D:5      | Reached XP level 8. HP: 46/46 MP: 8/14
  6192 | D:5      | Reached skill level 5 in Conjurations
  6351 | D:5      | HP: 2/47 [gnoll sergeant/+0 spear (4)]
  6652 | D:5      | Reached skill level 7 in Fire Magic
  6795 | D:5      | Found a runed translucent door.
  6796 | D:5      | Noticed Crazy Yiuf
  6825 | D:5      | Found a staircase to the Ecumenical Temple.
  6923 | Temple   | Entered the Ecumenical Temple
  7002 | Temple   | Became a worshipper of Vehumet
  7107 | D:4      | Found a burning altar of Makhleb.
  7180 | D:5      | Killed Crazy Yiuf
  7477 | D:6      | Reached skill level 5 in Dodging
  7702 | D:6      | Noticed Edmund
  7729 | D:6      | Killed Edmund
  7730 | D:6      | Reached skill level 1 in Shields
  8243 | D:6      | Reached XP level 9. HP: 52/52 MP: 7/16
  9324 | D:7      | Reached * piety under Vehumet
  9324 | D:7      | Offered knowledge of Freeze by Vehumet.
  9325 | D:7      | Reached skill level 8 in Fire Magic
  9521 | D:7      | Found a sparkling altar of Nemelex Xobeh.
  9775 | D:7      | Found a sand-covered staircase.
  9792 | Ossuary  | Entered an ossuary
 10248 | Ossuary  | Reached ** piety under Vehumet
 10248 | Ossuary  | Offered knowledge of Shock by Vehumet.
 10474 | D:7      | Found a shadowy altar of Dithmenos.
 10565 | D:7      | Found a broken altar of Ashenzari.
 10786 | D:7      | Found Liok's Assorted Antiques.
 10794 | D:7      | Bought a scroll labelled WOVENIOMPO for 27 gold pieces
 10794 | D:7      | Bought a fizzy brown potion for 24 gold pieces
 10794 | D:7      | Acquired a staff of fire
 10964 | D:7      | Found a white marble altar of Elyvilon.
 11277 | D:8      | Reached skill level 1 in Evocations
 11480 | D:8      | Found a bloodstained altar of Trog.
 11662 | D:8      | Reached skill level 5 in Spellcasting
 11705 | D:8      | Reached skill level 5 in Fighting
 11705 | D:8      | Reached XP level 10. HP: 52/59 MP: 9/18
 11822 | D:8      | Reached skill level 9 in Fire Magic
 12269 | D:9      | Found a snail-covered altar of Cheibriados.
 12390 | D:9      | Found a flagged portal.
 12405 | Bailey   | Entered a bailey
 12542 | Bailey   | Offered knowledge of Static Discharge by Vehumet.
 13085 | Bailey   | Identified the +6 crystal plate armour "Wiuth" {rC+}
 13301 | D:9      | Noticed Pikel
 13315 | D:9      | Killed Pikel
 13997 | D:10     | Entered Level 10 of the Dungeon
 13997 | D:10     | Noticed a two-headed ogre
 14012 | D:9      | Mangled by a two-headed ogre

Illustrated notes

Levels and vault maps discovered:
D:1:      saegor_arrival_simple_a, layout_rooms,
          shapermc_ecumenical_altar_acropolis, serial_shops, shop
D:2:      layout_loops_ring, uniq_jessica
D:3:      layout_loops_cross, nicolae_ru_path_of_blood, kennysheep_doodads,
          eino_tiny_chamber
D:4:      layout_cave_pools, kennysheep_orc_sif_temple,
          nicolae_overflow_hidden_temple, serial_rivers,
          chequers_serial_rivers_small_b, chequers_serial_rivers_room_a,
          chequers_serial_rivers_large_a, chequers_serial_rivers_large_b,
          chequers_serial_rivers_small_b, uniq_robin, uniq_natasha
D:5:      layout_cave_pools, temple_green, uniq_menkaure,
          uniq_crazy_yiuf_cottage
D:6:      layout_basic, serial_corexii_hall, chequers_hall_statues_corner_a,
          corexii_hall_statues_i, chequers_hall_statues_y,
          chequers_hall_statues_wall_a, corexii_hall_statues_l,
          chequers_hall_statues_corner_a, grunt_decor_junction, uniq_edmund
D:7:      wander_river, layout_loops_corners,
          mainiacjoe_overflow_small_starburst, grunt_dithmenos_smoke,
          mainiacjoe_overflow_brackets, nicolae_elyvilon_temple_path,
          serial_shops, nicolae_lakefront_shop, enter_ossuary_4
D:8:      layout_basic, mainiacjoe_overflow_alcove_2
D:9:      layout_rooms, lemuel_coloured_pillars_altar, enter_bailey_5,
          kennysheep_big_empty_room, minmay_misc_feat_doors, uniq_pikel
D:10:     layout_cross, erik_orc_4, serial_column_ruins,
          column_ruins_square_small, column_ruins_hut,
          column_ruins_columns_dead_end, column_ruins_open_medium,
          column_ruins_corridor_T, column_ruins_grid_1, column_ruins_grid_3,
          uniq_josephine
Temple:   dshaligram_water_room_temple

Skill      XL: |  1  2  3  4  5  6  7  8  9 10 |
---------------+-------------------------------+-----
Conjurations   | 2 3 4 5 6 7 |  7.3
Fighting       | 1 2 3 4 5 |  5.4
Fire Magic     | 4 5 6 7 8 9 |  9.5
Dodging        | 3 4 5 6 |  6.5
Spellcasting   | 3 4 5 |  5.4
Shields        | 2 4 |  4.0
Evocations     | 2 3 |  3.7
Stealth        | |  2.0

Action                   |  1- 3 |  4- 6 |  7- 9 | 10-12 || total
-------------------------+-------+-------+-------+-------++-------
Melee: Kick              |     9 |    12 |     1 |     2 ||    24
       Unarmed           |     1 |     4 |       |       ||     5
       Dagger            |    28 |    43 |     7 |       ||    78
       Peck              |     4 |     7 |       |     3 ||    14
       Staff             |       |       |       |     7 ||     7
 Cast: Foxfire           |    46 |    70 |   230 |    89 ||   435
       Scorch            |       |    11 |    51 |    25 ||    87
       Inner Flame       |       |       |     3 |     1 ||     4
       Conjure Flame     |       |       |     8 |     3 ||    11
  Use: Scroll            |       |    10 |     7 |     3 ||    20
       Potion            |       |       |     1 |       ||     1
 Stab: Sleeping          |       |     2 |       |       ||     2
Armor: Robe              |     4 |     6 |     5 |     1 ||    16
       Skin              |       |     2 |       |       ||     2
Dodge: Dodged            |    23 |    36 |    41 |    27 ||   127
Block: Buckler           |       |       |     9 |    21 ||    30

Table legend: (Time is in decaauts)
 A = Elapsed time spent in this place.
 B = Non-inter-level travel time spent in this place.
 C = Inter-level travel time spent in this place.
 D = Time resting spent in this place.
 E = Time spent auto-exploring this place.
 F = Levels seen in this place.
 G = Mean time per level.
                   A        B        C        D        E       F      G
               +--------+--------+--------+--------+--------+-----+--------+
         Total |  13470 |  12850 |    620 |   1105 |   9676 |  13 | 1036.2 |
       Dungeon |  12209 |  11604 |    605 |   1009 |   8920 |  10 | 1220.9 |
        Temple |     86 |     72 |     14 |      0 |     54 |   1 |   86.0 |
       Ossuary |    512 |    512 |      0 |     20 |    346 |   1 |  512.0 |
        Bailey |    661 |    661 |      0 |     76 |    355 |   1 |  661.0 |
               +--------+--------+--------+--------+--------+-----+--------+

Top non-repeatable levels by time:
     D:6: 1801 daAuts
     D:3: 1765 daAuts
     D:4: 1716 daAuts
     D:8: 1353 daAuts
     D:7: 1289 daAuts
     D:5: 1223 daAuts
     D:1: 1209 daAuts
     D:2: 1112 daAuts
     D:9: 725 daAuts
  Bailey: 661 daAuts
 Ossuary: 512 daAuts
  Temple: 86 daAuts
    D:10: 11 daAuts
